 Dungeon Crawl Stone Soup version 0.28-a0-1524-ge72afd5fc6 (webtiles) character file.

Game seed: 4218892239592084369

2 sbbq2022 the Sneak (level 1, 0/11 HPs)
             Began as an Octopode Enchanter on Jan 17, 2022.
             Slain by a kobold (6 damage)
             ... on level 1 of the Dungeon.
             The game lasted 00:00:11 (76 turns).

sbbq2022 the Sneak (Octopode Enchanter)               Turns: 76, Time: 00:00:12

Health: 0/11       AC:  1    Str:  7    XL:     1   Next: 30%
Magic:  3/3        EV: 13    Int: 17    God:
Gold:   0          SH:  0    Dex: 12    Spells: 4/4 levels left

rFire   . . .      SeeInvis .   a - +1 dagger
rCold   . . .      Faith    .   (no shield)
rNeg    . . .      Spirit   .   (helmet restricted)
rPois   .          Reflect  .   (no amulet)
rElec   .          Harm     .   (no ring)
rCorr   .          Rampage  .   (no ring)
Will    .....                   (no ring)
Stlth   +++.......              (no ring)
HPRegen 0.03/turn               (no ring)
MPRegen 0.08/turn               (no ring)
                                (no ring)
                                (no ring)

@: no status effects
A: almost no armour, amphibious, 8 rings, camouflage 1, gelatinous body 1,
(nimble swimmer 1), tentacles
a: no special abilities


You were on level 1 of the Dungeon.
You visited 1 branch of the dungeon, and saw 1 of its levels.

Inventory:

Hand Weapons
 a - a +1 dagger (weapon)
Scrolls
 c - a scroll of magic mapping {unknown}
Potions
 b - a potion of invisibility


   Skills:
 + Level 0.0 Fighting
 * Level 1.0 Short Blades
 + Level 2.0 Dodging
 + Level 4.0 Stealth
 + Level 2.0 Spellcasting
 * Level 3.0 Hexes


You had 4 spell levels left.
You didn't know any spells.
Your spell library contained the following spells:

 Spells                   Type           Power      Damage    Failure   Level
 Ensorcelled Hibernation  Hex/Ice        12%        N/A       16%         2
 Confusing Touch          Hex            12%        N/A       17%         3
 Tukima's Dance           Hex            12%        N/A       17%         3
 Dazzling Flash           Conj/Hex       12%        N/A       30%         3


Dungeon Overview and Level Annotations

Branches:
Dungeon (1/15)

Altars:


Innate Abilities, Weirdness & Mutations

You cannot wear most types of armour.
You are amphibious.
You can wear up to eight rings at the same time.
Your skin changes colour to match your surroundings (Stealth+).
Your rubbery body absorbs attacks. (AC +1, EV +1)
((You are camouflaged when in or above water. (Stealth+)))
You have tentacles for arms and can constrict up to eight enemies at once.


Message History

Found a staircase leading out of the dungeon.
You open the large door.
There is a large open door here.
You open the door.
There is an open door here.
c - a scroll labelled YJULUWKUUDD A bat comes into view.
A bat is nearby!
A bat is nearby!
The bat hits you but does no damage.
You hit the bat.
You kill the bat!
No target in view!
No target in view!
A bat comes into view.
The bat barely misses you. The bat hits you.
A bat is nearby!
A bat is nearby!
You closely miss the bat. You grab the bat.
You constrict the bat, but do no damage.
The bat misses you. The bat barely misses you. The bat closely misses you.
You hit the bat. You squeeze the bat.
You kill the bat!
No target in view!
HP restored.
A kobold comes into view. It is wielding a +0 whip.
A kobold is nearby!
A kobold is nearby!
A kobold is nearby!
The kobold shouts!
The kobold hits you with a +0 whip.
You closely miss the kobold. Your grab misses the kobold.
The kobold hits you with a +0 whip.
You hit the kobold but do no damage. You grab the kobold.
You constrict the kobold. The kobold closely misses you.
You barely miss the kobold.
The kobold is moderately wounded.
You constrict the kobold. The kobold hits you with a +0 whip.
Ouch! That really hurt!
You die...

#...# '.⌠.+ .. ..
'.⌠.+ #. .. #...#
≈≈≈....##.... #.#+#
#≈≈≈......#.# ..#
+≈≈≈...##.#.# '##
+≈≈≈...##.#.#
≈≈#+#+#≈≈≈...##.#K#
≈≈≈≈≈≈≈≈≈≈...#..@#
≈≈≈≈≈≈≈≈≈≈†......#
≈≈≈≈≈≈≈≈≈≈.......#
...........##.#.#.#
...........##.#.#.#
##.#.####.###.#.#.#
##...####.##....#.#
####............#.#
# ######.##...##.#


You could see a kobold.

Vanquished Creatures
  2 bats (D:1)
2 creatures vanquished.

Notes
Turn   | Place    | Note
-------+----------+-------------------------------------------
     0 | D:1      | sbbq2022 the Octopode Enchanter began the quest for the
                  | Orb.
     0 | D:1      | Reached XP level 1. HP: 11/11 MP: 3/3
    76 | D:1      | Slain by a kobold

Illustrated notes

Levels and vault maps discovered:
D:1:      dpeg_arrival_castle, layout_loops_ring,
          ebering_ecumenical_altar_sacrificial, minivault_27,
          lexackson_kobold_supper

Action                   || total
-------------------------++-------
Melee: Dagger            ||     6
       Constrict         ||     2
       Tentacles         ||     1
Armor: Skin              ||     1
Dodge: Dodged            ||     5

Table legend: (Time is in decaauts)
 A = Elapsed time spent in this place.
 B = Non-inter-level travel time spent in this place.
 C = Inter-level travel time spent in this place.
 D = Time resting spent in this place.
 E = Time spent auto-exploring this place.
 F = Levels seen in this place.
 G = Mean time per level.
                   A        B        C        D        E       F      G
               +--------+--------+--------+--------+--------+-----+--------+
         Total |     75 |     75 |      0 |      0 |     63 |   1 |   75.0 |
       Dungeon |     75 |     75 |      0 |      0 |     63 |   1 |   75.0 |
               +--------+--------+--------+--------+--------+-----+--------+

Top non-repeatable levels by time:
     D:1: 75 daAuts
